AoeStats
← 文風

Black Forest

509363606Analyzed
4v4 RM · 6d ago on Sep 26, 2026· 44m 31s· 8 players
Game mode
Random Map
Map size
Large (8 player)
Population
200
Speed
Normal
Resources
Standard
Victory
Conquest
Starting age
Dark Age
Ending age
Imperial Age
RankedLock teamsTeams togetherTeam positionsShared explorationLock speedFull tech treeHidden civsTurbo modeCheats
Victory
Defeat
🇯🇵 Mongols · Japan
1421
+15
🇨🇳 Wu · China
1364
+17
🇨🇳 Aztecs · China
1332
+18
🇨🇳 Danes · China
1323
+19
🇭🇰 Turks · Hong Kong SAR China
1424
-19
🇧🇷 Britons · Brazil
1399
-18
🇭🇰 Lithuanians · Hong Kong SAR China
1390
-17
🇪🇸 Lithuanians · Spain
1327
-15
sada-aki
7:58 Loom
9:47 Feudal Age
10:44 Double-Bit Axe
14:13 Castle Age
12:41 Horse Collar
15:31 Bow Saw
22:32 Gold Mining
24:09 Caravan
27:31 Stone Mining
31:29 Imperial Age
30:32 Wheelbarrow
30:50 Ballistics
32:34 Drill
31:38 Capped Ram
33:34 Chemistry
32:31 Siege Ram
32:57 Heavy Scorpion
37:21 Siege Engineers
37:32 Hand Cart
700分明星选手
10:47 Feudal Age
14:31 Castle Age
13:08 Double-Bit Axe
13:17 Horse Collar
20:06 Wheelbarrow
22:26 Heavy Plow
24:55 Gold Mining
25:41 Hand Cart
26:12 Gold Shaft Mining
26:07 Bow Saw
28:57 Imperial Age
27:18 Caravan
27:35 Forging
27:27 Scale Mail Armor
27:43 Arson
28:00 Eagle Warrior
29:21 Iron Casting
29:59 Elite Eagle Warrior
30:40 Squires
31:45 Blast Furnace
31:00 Chain Mail Armor
31:28 Conscription
31:33 Gambesons
32:41 Stone Mining
33:23 Crop Rotation
33:48 Garland Wars
35:16 Plate Mail Armor
39:33 Treadmill Crane
44:03 Fletching
微操大师蒋中正
10:51 Feudal Age
15:40 Castle Age
16:27 Double-Bit Axe
16:25 Horse Collar
18:54 Scale Mail Armor
29:02 Wheelbarrow
28:13 Town Watch
28:14 Loom
32:40 Hamask
40:58 Imperial Age
39:52 Fletching
40:51 Chain Mail Armor
40:46 Forging
44:16 Conscription
車
1:40 Loom
14:04 Feudal Age
18:55 Castle Age
16:59 Double-Bit Axe
17:38 Horse Collar
18:57 Gold Mining
19:54 Fletching
24:04 Bodkin Arrow
25:22 Wheelbarrow
26:08 Padded Archer Armor
27:04 Leather Archer Armor
28:44 Gold Shaft Mining
32:00 Stone Mining
37:48 Imperial Age
40:48 Bow Saw
41:03 Heavy Plow
42:52 Crossbowman
文風
0:43 Loom
11:54 Feudal Age
12:51 Double-Bit Axe
16:09 Castle Age
14:35 Stone Mining
14:43 Gold Mining
15:09 Horse Collar
18:26 Wheelbarrow
23:59 Sanctity
28:11 Redemption
29:02 Fervor
39:17 Imperial Age
hcenemod
5:08 Loom
10:56 Feudal Age
12:16 Double-Bit Axe
12:12 Horse Collar
15:13 Castle Age
21:04 Wheelbarrow
21:05 Heavy Plow
21:35 Gold Mining
24:20 Hand Cart
24:51 Bow Saw
25:14 Scale Barding Armor
25:20 Forging
27:04 Forging
27:09 Husbandry
27:26 Bloodlines
28:40 Chain Barding Armor
27:51 Light Cavalry
29:48 Loom
30:58 Iron Casting
32:37 Stone Mining
35:37 Imperial Age
35:35 Caravan
35:41 Cavalier
35:41 Winged Hussar
36:58 Plate Barding Armor
38:25 Two-Man Saw
39:45 Crop Rotation
40:02 Paladin
Bruno Auto Peças
13:00 Feudal Age
16:34 Castle Age
14:42 Double-Bit Axe
14:38 Horse Collar
14:54 Gold Mining
14:55 Stone Mining
15:05 Stone Mining
17:38 Bow Saw
20:51 Wheelbarrow
20:02 Loom
22:31 Fletching
23:58 Bodkin Arrow
29:39 Imperial Age
28:07 Padded Archer Armor
29:16 Leather Archer Armor
29:26 Crossbowman
31:29 Chemistry
30:30 Bracer
31:44 Two-Man Saw
31:47 Ballistics
33:07 Ring Archer Armor
31:58 Elite Longbowman
33:43 Treadmill Crane
34:03 Murder Holes
34:55 Conscription
34:58 Yeomen
35:03 Conscription
35:29 Forging
34:57 Arbalester
36:43 Cavalier
37:53 Caravan
40:16 Town Watch
40:47 Hand Cart
41:04 Coinage
屌炸天
0:29 Loom
14:01 Feudal Age
17:53 Castle Age
16:14 Double-Bit Axe
25:51 Imperial Age
24:56 Horse Collar
Connection lost

Rejoining the realm…

Still unreachable

The connection could not be restored.

Session expired

The server has moved on; the page needs a fresh start.